[Event "Titled Tuesday Blitz February 15 Late 2022"]
[White "Petrova, Irina"]
[Black "Prohorov, Olexandr"]
[WhiteFideId "14124122"]
[BlackFideId "14105578"]
[WhiteElo "1988"]
[BlackElo "1993"]
[Result "1-0"]
[Round "10"]
[TimeControl "180+1"]
[Date "2022.02.16"]
[WhiteClock "0:00:07"]
[BlackClock "0:00:43"]

1. e4 Nc6 2. Nf3 d5 3. exd5 Qxd5 4. Nc3 Qa5 5. d4 Nf6 6. Bd2 Bg4 7. Bb5 O-O-O 8. Bxc6 bxc6 9. h3 Bxf3 10. Qxf3 Qb6 11. O-O-O e6 12. Bg5 Be7 13. Ne4 Nxe4 14. Bxe7 Rd7 15. Qxe4 Rxe7 16. Rd3 Qb5 17. Rb3 Qd5 18. Qd3 Qxg2 19. Rd1 Qxf2 20. Qa6+ Kd7 21. Qxa7 Qf4+ 22. Kb1 Rd8 23. Qa6 Qd6 24. Rc3 Ree8 25. a3 Ra8 26. Qf1 f6 27. Qg2 g6 28. Rf3 f5 29. Rc3 Qd5 30. Qg5 Ra4 31. Rcd3 Re7 32. Qg1 Rf7 33. Rc3 Rc4 34. Rb3 f4 35. Qf2 f3 36. Re3 Rxd4 37. Rxd4 Qxd4 38. Rd3 c5 39. Rxd4+ cxd4 40. Qxd4+ Ke7 41. Qf2 e5 42. Kc1 g5 43. Kd2 h5 44. Ke3 g4 45. hxg4 hxg4 46. Qh4+ Ke6 47. Qxg4+ Kd5 48. Qe4+ Kd6 49. Qd3+ Ke6 50. Qb3+ Kf6 51. Kxf3 Ke7+ 52. Ke4 Rf4+ 53. Kxe5 Rf6 54. Qb4+ Kf7 55. Qc5 1-0


[Site "https://www.chess.com"]

[Event "Titled Tuesday Blitz February 15 Late 2022"]
[White "Pinheiro, Iung Alicio de O."]
[Black "Ladan, Nicholas"]
[WhiteFideId "2104350"]
[BlackFideId "30918855"]
[WhiteElo "2615"]
[BlackElo "2366"]
[Result "1-0"]
[Round "10"]
[TimeControl "180+1"]
[Date "2022.02.16"]
[WhiteClock "0:00:16"]
[BlackClock "0:00:03"]

1. e4 e5 2. Bc4 Nc6 3. d3 Nf6 4. Nc3 Na5 5. Qf3 c6 6. Nge2 Be7 7. Ng3 d6 8. a4 Nxc4 9. dxc4 O-O 10. O-O a5 11. h3 Qc7 12. Bg5 h6 13. Bxf6 Bxf6 14. Rad1 Qe7 15. Rd3 Be6 16. b3 g6 17. Rfd1 Rfd8 18. Qe3 Bg7 19. Qd2 Bf8 20. Nce2 b6 21. f4 exf4 22. Nxf4 Bd7 23. Rf3 Re8 24. Rdf1 Bg7 25. Qf2 Rf8 26. Qxb6 c5 27. Nd5 Qg5 28. Qxd6 Bd4+ 29. Kh1 Be6 30. Qf4 Qxf4 31. Nxf4 Bd7 32. Nd5 Kg7 33. Ne2 Be5 34. Nb6 Bc6 35. Nxa8 Bxa8 36. Nc3 f5 37. Nd5 1-0


[Site "https://www.chess.com"]

[Event "Titled Tuesday Blitz February 15 Late 2022"]
[White "Qashashvili, Alexandre"]
[Black "Van den Dikkenberg, Erik"]
[WhiteFideId "13600842"]
[BlackFideId "1005880"]
[WhiteElo "2316"]
[BlackElo "2118"]
[Result "1-0"]
[Round "10"]
[TimeControl "180+1"]
[Date "2022.02.16"]
[WhiteClock "0:00:14"]
[BlackClock "0:00:02"]

1. e4 c5 2. Nc3 d6 3. Nf3 Nf6 4. d3 g6 5. Be3 Bg7 6. Qd2 Nc6 7. Bh6 O-O 8. h4 Nd4 9. O-O-O Bg4 10. Be2 Nxe2+ 11. Nxe2 b5 12. h5 Bxh5 13. Ng3 e5 14. Nxh5 Nxh5 15. Bxg7 Kxg7 16. g3 Qf6 17. Nh4 a5 18. Rh2 a4 19. Rdh1 b4 20. Nf5+ Kh8 21. g4 Rg8 22. Nh6 Nf4 23. Nxg8 Kxg8 24. Rxh7 b3 25. cxb3 axb3 26. a3 Ra7 27. f3 Kf8 28. Kb1 Ke7 29. Qc3 Ra4 30. Qxb3 Ra7 31. Rh8 Ne6 32. Qb8 Qxf3 33. Qe8+ Kf6 34. Rf8 Qxh1+ 35. Ka2 Qg2 36. Qb8 Re7 37. Rc8 Qf3 38. Qxd6 Qe3 39. Rc6 Qd4 40. g5+ Kxg5 41. Qxe7+ Kf4 42. Rxe6 Ke3 43. Rd6 1-0


[Site "https://www.chess.com"]

[Event "Titled Tuesday Blitz February 15 Late 2022"]
[White "Remizov, Yaroslav"]
[Black "Al-Tarboush, Ward"]
[WhiteFideId "34134015"]
[BlackFideId "7601450"]
[WhiteElo "2360"]
[BlackElo "2276"]
[Result "1-0"]
[Round "10"]
[TimeControl "180+1"]
[Date "2022.02.15"]
[WhiteClock "0:00:08"]
[BlackClock "0:00:01"]

1. e3 e5 2. a3 d5 3. c4 d4 4. exd4 exd4 5. d3 Nf6 6. Nf3 Be7 7. Be2 O-O 8. O-O a5 9. Re1 Nc6 10. Bf4 Bf5 11. h3 a4 12. Ne5 Nxe5 13. Bxe5 c5 14. Nd2 Qd7 15. Bxf6 Bxf6 16. Bg4 Ra6 17. Ne4 Be7 18. Bxf5 Qxf5 19. Ng3 Qd7 20. Qf3 Bh4 21. Re5 Rf6 22. Qd5 Qxd5 23. Rxd5 Bxg3 24. fxg3 Re8 25. Rxc5 h6 26. Rd5 Re2 27. Kh2 Rff2 28. Rg1 Rxb2 29. Rxd4 Rb3 30. Rd8+ Kh7 31. Rd7 f6 32. d4 Rfb2 33. Re1 Kg6 34. Ree7 Rxa3 35. g4 Kg5 36. Rxg7+ Kf4 37. Rxb7 Rc2 38. Rgf7 Raa2 39. Rxf6+ Ke4 40. Kg3 Kxd4 41. Rxh6 Rxg2+ 42. Kh4 Kxc4 43. Rc6+ Kd5 44. Ra6 Ra3 45. Rb4 Rga2 46. Ra5+ Kc6 47. Kg5 Rxh3 48. Rc4+ Kd6 49. Rcxa4 Rg2 50. Ra6+ Kc7 51. Rg6 Kb7 52. Rf4 Rc2 53. Rf7+ Rc7 54. Rxc7+ Kxc7 55. Re6 Kd7 56. Re1 Rh8 57. Kf5 Rf8+ 58. Kg6 Rg8+ 59. Kh5 Rh8+ 60. Kg5 Rg8+ 61. Kf4 Rf8+ 62. Kg3 Rg8 63. Re2 Rg7 64. Re5 Kd6 65. Kf4 Rg8 66. g5 Ra8 67. Re1 Ra4+ 68. Kf5 Ra2 69. Kf6 Rf2+ 70. Kg7 Rg2 71. g6 Rf2 72. Kh7 Rh2+ 73. Kg8 Kd7 74. g7 Rg2 75. Re5 Rg3 76. Kf7 Kd6 77. Rf5 1-0


[Site "https://www.chess.com"]

[Event "Titled Tuesday Blitz February 15 Late 2022"]
[White "Sargsyan, Anna M."]
[Black "Ramirez, Alejandro"]
[WhiteFideId "13308130"]
[BlackFideId "6500617"]
[WhiteElo "2271"]
[BlackElo "2694"]
[Result "0-1"]
[Round "10"]
[TimeControl "180+1"]
[Date "2022.02.15"]
[WhiteClock "0:00:08"]
[BlackClock "0:00:26"]

1. d4 Nf6 2. c4 c5 3. d5 b5 4. Qc2 b4 5. e4 d6 6. Bd3 g6 7. f4 Bg7 8. Nf3 O-O 9. O-O a5 10. h3 e6 11. Be3 exd5 12. cxd5 Re8 13. Nbd2 Nxd5 14. exd5 Rxe3 15. Nc4 Re8 16. Kh2 Ba6 17. Rae1 Rxe1 18. Rxe1 Ra7 19. Qa4 Nd7 20. Nxd6 Qf6 21. Bxa6 Qxf4+ 22. Kh1 Qxd6 23. Bc4 Bxb2 24. Qc6 Qxc6 25. dxc6 Nb6 26. Bb5 c4 27. Re8+ Kg7 28. Rb8 c3 29. Ne1 Re7 30. Nc2 Nd5 31. Rd8 Nc7 32. Bc4 Bc1 33. g3 Bg5 34. Ra8 Re5 35. Ra7 Bd8 36. Bb3 Rc5 37. Nd4 Kf6 38. Kg2 Ke5 39. Nf3+ Kd6 40. Nd4 Bf6 41. Nc2 Kxc6 42. Bxf7 Kb6 0-1


[Site "https://www.chess.com"]

[Event "Titled Tuesday Blitz February 15 Late 2022"]
[White "Stankovic, Ivan G"]
[Black "Medeiros Jr, Francisco De Assis"]
[WhiteFideId "902837"]
[BlackFideId "2114267"]
[WhiteElo "2195"]
[BlackElo "1998"]
[Result "1/2-1/2"]
[Round "10"]
[TimeControl "180+1"]
[Date "2022.02.16"]
[WhiteClock "0:00:19"]
[BlackClock "0:00:12"]

1. e4 c6 2. d3 d5 3. Nd2 g6 4. h3 Bg7 5. Ngf3 e5 6. g3 h6 7. Bg2 Be6 8. O-O Nd7 9. Re1 Ne7 10. c3 O-O 11. d4 exd4 12. Nxd4 Nc5 13. Nxe6 Nxe6 14. exd5 Nxd5 15. Nc4 Nb6 16. Nxb6 Qxb6 17. Qc2 Rfd8 18. Be3 Qc7 19. Rad1 Bf8 20. b4 a5 21. Rxd8 Rxd8 22. a3 axb4 23. axb4 Qd6 24. Be4 Bg7 25. Bb6 Rd7 26. Kg2 Qd2 27. Re2 Qxc3 28. Bxg6 Qxb4 29. Ba7 Qc3 30. Qf5 Qf6 31. Qxf6 Bxf6 32. Bf5 Kg7 33. Be3 Nd4 34. Rd2 Rd8 35. Be4 b5 36. Bxd4 Rxd4 37. Rxd4 Bxd4 38. Bxc6 b4 39. Bd5 f6 40. f4 Bc3 41. Kf3 Kg6 42. Ke4 Be1 43. g4 Bc3 44. Be6 Kg7 45. Kf5 Bb2 46. Bb3 Bc3 47. h4 Bb2 48. h5 Bc3 49. Ke6 Bb2 50. f5 Bc3 51. Kd5 1/2-1/2


[Site "https://www.chess.com"]

[Event "Titled Tuesday Blitz February 15 Late 2022"]
[White "Stoleriu, George"]
[Black "Antolak, Julia"]
[WhiteFideId "1227505"]
[BlackFideId "1159569"]
[WhiteElo "2602"]
[BlackElo "2465"]
[Result "1-0"]
[Round "10"]
[TimeControl "180+1"]
[Date "2022.02.16"]
[WhiteClock "0:01:57"]
[BlackClock "0:01:44"]

1. e4 c5 2. Nf3 e6 3. b3 b6 4. Bb2 Bb7 5. d3 Nf6 6. Nbd2 Be7 7. g3 O-O 8. Bg2 d6 9. O-O Nbd7 10. Re1 a6 11. a4 b5 12. axb5 axb5 13. Qe2 Qc7 14. e5 Nd5 15. exd6 Bxd6 16. Ne4 Be7 17. h4 Rxa1 18. Rxa1 Ra8 19. Rxa8+ Bxa8 20. h5 h6 21. Nh2 Bf8 22. Nd2 N7b6 23. Ng4 Nb4 24. Nxh6+ gxh6 25. Qg4+ Kh7 26. Ne4 Bxe4 27. Bxe4+ f5 28. Qg6# 1-0


[Site "https://www.chess.com"]

[Event "Titled Tuesday Blitz February 15 Late 2022"]
[White "Tanenbaum, Zachary"]
[Black "Zhurbinsky, David"]
[WhiteFideId "2060850"]
[BlackFideId "2072904"]
[WhiteElo "2168"]
[BlackElo "2536"]
[Result "1-0"]
[Round "10"]
[TimeControl "180+1"]
[Date "2022.02.15"]
[WhiteClock "0:00:46"]
[BlackClock "0:00:23"]

1. e4 e5 2. Nf3 Nc6 3. Bc4 Bc5 4. c3 Nf6 5. d3 O-O 6. Nbd2 d6 7. a4 a6 8. Nf1 h6 9. Ng3 d5 10. exd5 Nxd5 11. O-O Be6 12. Re1 Nf4 13. Bxe6 fxe6 14. Bxf4 exf4 15. Ne4 Bb6 16. Qe2 e5 17. Ned2 Re8 18. Nc4 Qd5 19. Ncxe5 Nxe5 20. Nxe5 c5 21. Qe4 Qd6 22. Qxf4 Rf8 23. Qc4+ Kh7 24. Qe4+ Kg8 25. Nc4 Qf6 26. Qe6+ Qxe6 27. Rxe6 Bc7 28. Re7 Rac8 29. a5 Rf6 30. Rae1 Kh7 31. Rd7 Rg6 32. Ree7 Bd8 33. Re8 Bg5 34. Rxc8 Re6 35. g3 Re1+ 36. Kg2 Re8 37. Rxe8 1-0


[Site "https://www.chess.com"]

[Event "Titled Tuesday Blitz February 15 Late 2022"]
[White "Tari, Aryan"]
[Black "Rasulov, Vugar"]
[WhiteFideId "1510045"]
[BlackFideId "13402390"]
[WhiteElo "2567"]
[BlackElo "2560"]
[Result "1-0"]
[Round "10"]
[TimeControl "180+1"]
[Date "2022.02.15"]
[WhiteClock "0:00:11"]
[BlackClock "0:00:55"]

1. e4 c5 2. Nc3 e6 3. d4 cxd4 4. Qxd4 Nc6 5. Qd3 Nf6 6. Bf4 Bb4 7. O-O-O O-O 8. Nge2 d5 9. exd5 exd5 10. Nxd5 Nxd5 11. Qxd5 Qb6 12. Be3 Qc7 13. Nd4 Rd8 14. Qc4 Qa5 15. a3 Bf8 16. Qb5 Qc7 17. Be2 Nxd4 18. Bxd4 Be6 19. Qe5 Qc6 20. Bf3 Qc4 21. b3 Qa6 22. a4 Rac8 23. Kb1 Rxd4 24. Qxd4 Qa5 25. Bd5 Bc5 26. Qd3 Bg4 27. f3 Bh5 28. Rhe1 Bg6 29. Be4 Bb4 30. Bxg6 hxg6 31. Re4 Bf8 32. Rc4 Re8 33. Qd7 Qe5 34. Re4 1-0


[Site "https://www.chess.com"]

[Event "Titled Tuesday Blitz February 15 Late 2022"]
[White "Tasev, Dejan"]
[Black "Petrovic, Aleksa"]
[WhiteFideId "936618"]
[BlackFideId "967629"]
[WhiteElo "2632"]
[BlackElo "2472"]
[Result "1/2-1/2"]
[Round "10"]
[TimeControl "180+1"]
[Date "2022.02.16"]
[WhiteClock "0:00:11"]
[BlackClock "0:00:03"]

1. e4 c5 2. Nf3 Nc6 3. Nc3 Nf6 4. d4 cxd4 5. Nxd4 e5 6. Ndb5 h6 7. a4 d6 8. Na3 a6 9. Nc4 Nxe4 10. Nxe4 d5 11. Ne3 dxe4 12. Qxd8+ Kxd8 13. Bc4 f5 14. Bd2 f4 15. Nd5 Bc5 16. Bc3 Bd4 17. O-O-O Bg4 18. Rd2 b5 19. Ba2 bxa4 20. Nxf4 exf4 21. Bxd4 Kc7 22. Bxg7 Rh7 23. Bc3 e3 24. fxe3 fxe3 25. Rd3 e2 26. Re1 Re8 27. h3 Bf5 28. Rf3 Bg6 29. Rf2 Rhe7 30. Bc4 Bh5 31. g4 Bg6 32. Rfxe2 Rxe2 33. Rxe2 Rf8 34. Bd3 Bxd3 35. cxd3 Rf3 36. Rh2 Rxd3 37. h4 a3 38. Kc2 a2 39. Rh1 Rh3 40. Ra1 Rxh4 41. Rxa2 Kb7 42. Ra4 h5 43. Rf4 Rxg4 44. Rf7+ Kb6 45. Rh7 h4 46. Kb3 a5 47. Be1 a4+ 48. Ka2 Nb4+ 49. Bxb4 Rxb4 50. Rh5 Rg4 51. Ka3 Kc6 52. b3 axb3 53. Kxb3 Kd6 54. Kc3 Ke6 55. Kd3 Kf6 56. Ke3 Kg6 57. Rh8 Kg5 58. Kf3 Rg3+ 59. Kf2 Kg4 60. Rg8+ Kh3 61. Rh8 Rg4 62. Rc8 Kh2 63. Rc1 h3 64. Kf3 Rg3+ 65. Kf2 Rg2+ 66. Kf3 Rg1 67. Rc2+ Kh1 68. Rc7 h2 69. Rh7 Rf1+ 70. Ke2 Rf5 71. Rg7 Rf4 72. Ke3 Rh4 73. Kf2 Ra4 74. Ke2 Ra2+ 75. Kf1 Ra1+ 76. Kf2 Rg1 77. Rh7 Rg2+ 78. Kf1 Ra2 79. Rg7 Ra1+ 80. Kf2 Rd1 81. Rg8 Rg1 82. Rh8 Rd1 83. Rg8 Rd2+ 84. Kf1 Ra2 85. Rg7 1/2-1/2


[Site "https://www.chess.com"]

[Event "Titled Tuesday Blitz February 15 Late 2022"]
[White "Timofeev, Artyom"]
[Black "Kosteniuk, Alexandra"]
[WhiteFideId "4140419"]
[BlackFideId "4128125"]
[WhiteElo "2583"]
[BlackElo "2469"]
[Result "1-0"]
[Round "10"]
[TimeControl "180+1"]
[Date "2022.02.15"]
[WhiteClock "0:00:10"]
[BlackClock "0:00:05"]

1. d4 Nf6 2. Nf3 e6 3. Bg5 d5 4. e3 Be7 5. c4 O-O 6. Nc3 h6 7. Bh4 b6 8. cxd5 exd5 9. Bd3 Be6 10. O-O c5 11. dxc5 bxc5 12. Rc1 Nbd7 13. b3 Rc8 14. h3 Qb6 15. Qe2 Rfd8 16. Rfd1 c4 17. bxc4 dxc4 18. Bc2 Ba3 19. Rb1 Qa5 20. Nb5 Be7 21. Nbd4 Nf8 22. Rb7 Rd7 23. Rb5 Qa6 24. a4 Rcd8 25. Ne5 Rc7 26. Nxe6 Rxd1+ 27. Qxd1 Qxe6 28. Qd4 Rc8 29. Qxa7 Bd6 30. Nf3 c3 31. Nd4 Qa2 32. Bxf6 gxf6 33. g3 Be5 34. Bb3 Qa1+ 35. Kg2 Rc7 36. Qa8 Bxd4 37. exd4 c2 38. Bxc2 Rxc2 39. Rb8 Qa3 40. Qe4 Qd6 41. Rxf8+ Kxf8 42. Qxc2 Qxd4 43. Qc6 Qe5 44. Qa8+ Kg7 45. a5 f5 46. a6 f4 47. g4 Qa5 48. Qb7 f3+ 49. Kxf3 Qa3+ 50. Kg2 1-0


[Site "https://www.chess.com"]

[Event "Titled Tuesday Blitz February 15 Late 2022"]
[White "Titichoca Daza, Daniel"]
[Black "Goryachkina, Aleksandra"]
[WhiteFideId "3309550"]
[BlackFideId "4147103"]
[WhiteElo "1968"]
[BlackElo "2426"]
[Result "0-1"]
[Round "10"]
[TimeControl "180+1"]
[Date "2022.02.15"]
[WhiteClock "0:00:01"]
[BlackClock "0:00:59"]

1. e4 c5 2. Nf3 e6 3. d4 cxd4 4. Nxd4 Nf6 5. Nc3 Nc6 6. Ndb5 d6 7. Bf4 e5 8. Bg5 a6 9. Na3 b5 10. Nd5 Be7 11. Bxf6 Bxf6 12. c3 O-O 13. Nc2 Rb8 14. Nce3 Bg5 15. Be2 Ne7 16. O-O Bxe3 17. Nxe3 Bb7 18. Bf3 Qb6 19. a4 Rbd8 20. Qb3 Kh8 21. axb5 axb5 22. c4 f5 23. Qxb5 Qxb5 24. cxb5 fxe4 25. Bd1 d5 26. Ra7 Rb8 27. Bb3 Nc8 28. Ra5 Nb6 29. Ra7 d4 30. Ng4 Rfe8 31. Rc1 Nc8 32. Rxb7 Rxb7 33. Nxe5 h6 34. Rc5 Nd6 0-1


[Site "https://www.chess.com"]

[Event "Titled Tuesday Blitz February 15 Late 2022"]
[White "Vargas Pereda, Jesus Manue"]
[Black "Saim, Mohamed Ilias"]
[WhiteFideId "5115710"]
[BlackFideId "7900465"]
[WhiteElo "1778"]
[BlackElo "2006"]
[Result "0-1"]
[Round "10"]
[TimeControl "180+1"]
[Date "2022.02.16"]
[WhiteClock "0:00:03"]
[BlackClock "0:00:28"]

1. d4 Nf6 2. Bf4 e6 3. Nf3 d5 4. e3 c5 5. c3 Be7 6. Bd3 O-O 7. Nbd2 Nc6 8. Ne5 h6 9. g4 c4 10. Bc2 Nd7 11. Ndf3 Ncxe5 12. Nxe5 Nxe5 13. dxe5 f6 14. O-O fxe5 15. Bxe5 Bf6 16. Bg3 e5 17. Bg6 e4 18. Qe2 Bh4 19. Rad1 Qg5 20. Bf5 Bxf5 21. gxf5 Rxf5 22. Kh1 Rf3 23. Qd2 Rd8 24. Qd4 Qh5 25. Qe5 Qxe5 26. Bxe5 Rxf2 27. Rxf2 Bxf2 28. Rf1 Bxe3 29. Rf5 Bg5 30. Bd4 e3 31. Kg2 e2 32. Kf2 Re8 33. Ke1 Bd2+ 34. Kxd2 e1=Q+ 0-1


[Site "https://www.chess.com"]

[Event "Titled Tuesday Blitz February 15 Late 2022"]
[White "Vovk, Orest"]
[Black "Pichot, Alan"]
[WhiteFideId "14113490"]
[BlackFideId "110973"]
[WhiteElo "2203"]
[BlackElo "2543"]
[Result "0-1"]
[Round "10"]
[TimeControl "180+1"]
[Date "2022.02.15"]
[WhiteClock "0:00:19"]
[BlackClock "0:00:09"]

1. h4 d5 2. h5 c5 3. e4 dxe4 4. Nc3 Nf6 5. Rh4 Nc6 6. Nxe4 Nxe4 7. Rxe4 e5 8. Bb5 Bd6 9. Bxc6+ bxc6 10. d3 O-O 11. h6 g6 12. Be3 f5 13. Ra4 f4 14. Bd2 Qh4 15. Qe2 Bg4 16. Nf3 Bxf3 17. gxf3 Qh1+ 18. Qf1 Qxf3 19. Qe2 Qh1+ 20. Qf1 Qxf1+ 21. Kxf1 Kf7 22. Ra6 Rfc8 23. Re1 Kf6 24. Bc3 Kf5 25. Re4 g5 26. f3 Rc7 27. Ba5 Rcc8 28. Bc3 Re8 29. Rxc6 Re6 30. Bxe5 Bxe5 31. Rxc5 Kf6 32. d4 Bd6 33. Rxe6+ Kxe6 34. Rxg5 Rc8 35. c3 Bf8 36. Ra5 Rc7 37. Ra6+ Kf5 38. d5 Bc5 39. Rc6 Rxc6 40. dxc6 Bb6 41. Ke2 Kg5 42. b4 Kxh6 43. c4 Kg5 44. c5 Bc7 45. Kf2 Kf6 46. Kg2 Ke5 47. b5 Kd5 48. b6 axb6 49. cxb6 Bxb6 50. Kh3 Kxc6 51. Kg4 Be3 52. Kf5 Kb5 53. Kg5 Ka4 54. Kh6 Ka3 55. Kxh7 Kxa2 56. Kg6 Kb2 57. Kh5 Kc2 58. Kg4 Kd2 59. Kh3 Ke1 60. Kg2 Ke2 61. Kh1 Kxf3 62. Kh2 Kf2 63. Kh1 f3 64. Kh2 Ke2 65. Kh1 f2 66. Kh2 Bf4+ 67. Kg2 f1=Q# 0-1


[Site "https://www.chess.com"]

[Event "Titled Tuesday Blitz February 15 Late 2022"]
[White "Vusatiuk, Vladimir"]
[Black "Sarana, Alexey"]
[WhiteFideId "14118610"]
[BlackFideId "24133795"]
[WhiteElo "2157"]
[BlackElo "2665"]
[Result "1-0"]
[Round "10"]
[TimeControl "180+1"]
[Date "2022.02.15"]
[WhiteClock "0:00:15"]
[BlackClock "0:01:31"]

1. d4 Nf6 2. c4 e6 3. Nc3 d5 4. cxd5 Nxd5 5. e4 Nxc3 6. bxc3 c5 7. Nf3 cxd4 8. cxd4 Bb4+ 9. Bd2 Bxd2+ 10. Qxd2 O-O 11. Bc4 b6 12. O-O Bb7 13. Rfe1 Nd7 14. Rad1 Rc8 15. Bb3 Re8 16. h4 Nf6 17. Qf4 Qc7 18. Ne5 Re7 19. g4 Qd6 20. g5 Nd7 21. h5 f6 22. Ng6 Qxf4 23. Nxf4 Kh8 24. gxf6 Nxf6 25. Bxe6 Rf8 26. d5 Ne8 27. d6 Nxd6 28. Rxd6 g5 29. Nd5 Rg7 30. Rd7 Re8 31. Rxg7 Kxg7 32. Rc1 Kh6 33. Bf5 Bxd5 34. exd5 Re5 35. Be6 Kxh5 36. Rc7 Kg6 37. Rxa7 h5 38. Rb7 g4 39. Rxb6 Kg5 40. Kf1 h4 41. d6 h3 42. d7 h2 43. d8=Q+ Kf4 44. Qf6+ 1-0


[Site "https://www.chess.com"]

[Event "Titled Tuesday Blitz February 15 Late 2022"]
[White "Wagner, Dennis"]
[Black "Iljin, Timofey"]
[WhiteFideId "24650684"]
[BlackFideId "14110180"]
[WhiteElo "2355"]
[BlackElo "2396"]
[Result "1-0"]
[Round "10"]
[TimeControl "180+1"]
[Date "2022.02.15"]
[WhiteClock "0:00:12"]
[BlackClock "0:00:01"]

1. c4 e6 2. d4 d5 3. Nf3 Nf6 4. e3 Bd6 5. b3 O-O 6. Bb2 b6 7. Nc3 c5 8. cxd5 exd5 9. Be2 Nc6 10. Rc1 cxd4 11. Nxd4 Nxd4 12. Qxd4 Bb7 13. Bf3 Re8 14. Ne2 Qe7 15. O-O Rad8 16. Ng3 Bc8 17. Rfd1 Be6 18. Qh4 Ba3 19. Bxa3 Qxa3 20. Rc2 Rc8 21. Rcd2 h6 22. h3 Rc1 23. Qd4 Rxd1+ 24. Bxd1 Rc8 25. Kh2 Qc5 26. Bf3 Qxd4 27. Rxd4 Rc2 28. Ra4 a5 29. Ne2 Bd7 30. Ra3 Kf8 31. Kg3 Ke7 32. Nd4 Rc3 33. Ne2 Rc2 34. b4 axb4 35. Rb3 Rc4 36. Nf4 Kd6 37. Nd3 Ne4+ 38. Bxe4 dxe4 39. Nxb4 Kc5 40. Na6+ Kc6 41. Nb8+ Kc7 42. Nxd7 Kxd7 43. Rxb6 Rc2 44. a4 Ra2 45. Rb4 f5 46. h4 g5 47. h5 Ke7 48. Rb6 Kf7 49. Rxh6 Rxa4 50. Rg6 1-0


[Site "https://www.chess.com"]

[Event "Titled Tuesday Blitz February 15 Late 2022"]
[White "Wan, Joseph"]
[Black "Svane, Rasmus"]
[WhiteFideId "2069890"]
[BlackFideId "4657101"]
[WhiteElo "2149"]
[BlackElo "2645"]
[Result "1/2-1/2"]
[Round "10"]
[TimeControl "180+1"]
[Date "2022.02.15"]
[WhiteClock "0:00:14"]
[BlackClock "0:00:12"]

1. d4 Nf6 2. Bf4 d5 3. e3 e6 4. Nf3 Bd6 5. Nbd2 O-O 6. Bd3 c5 7. c3 Bxf4 8. exf4 cxd4 9. cxd4 Nc6 10. O-O Qb6 11. Nb3 Bd7 12. Nc5 Rfc8 13. Ne5 Be8 14. Nxc6 Rxc6 15. Qb3 Rac8 16. g3 Nd7 17. Nxd7 Bxd7 18. Qxb6 axb6 19. Kg2 Kf8 20. Kf3 Ke7 21. a3 R6c7 22. Ke3 Ba4 23. Rfe1 Kd6 24. h4 h5 25. Kd2 Bc2 26. Rac1 Bxd3 27. Rxc7 Rxc7 28. Kxd3 b5 29. Kd2 Rc4 30. Kd3 g6 31. b3 Rc8 32. Kd2 f6 33. Rc1 Ra8 34. Ra1 Rf8 35. Rc1 Ra8 36. Ra1 b6 37. Kc3 Rf8 38. Kb4 Rc8 39. Kxb5 Rc3 40. b4 Kc7 41. a4 Kb7 42. Re1 Rc6 43. a5 bxa5 44. bxa5 f5 45. Re2 Rd6 46. Rc2 Rd7 47. a6+ Ka7 48. Rc6 Re7 49. Rd6 Re8 50. Kc5 Rc8+ 51. Rc6 Re8 52. Kd6 Rb8 53. Kxe6 Rb2 54. Kf6 Rxf2 55. Kxg6 Rf3 56. Kxf5 Rxg3 57. Rd6 Rg4 58. Rxd5 Rxh4 59. Kg5 Rg4+ 60. Kxh5 Rxf4 61. Rd6 Kb8 62. Kg5 Rf8 63. Rf6 Rd8 64. Rf4 Kc7 65. Kf5 Ra8 66. Ke4 Rxa6 67. d5 Ra4+ 68. Ke5 Rxf4 69. Kxf4 Kd6 70. Ke4 Kd7 71. Ke5 Ke7 72. d6+ Kd7 73. Kd5 Kd8 74. Ke6 Ke8 75. Ke5 Kd7 76. Kd5 Kd8 77. Kc6 Kc8 78. Kb6 Kd7 79. Kc5 Kd8 80. Kc6 Kc8 81. d7+ Kd8 82. Kd6 1/2-1/2


[Site "https://www.chess.com"]

[Event "Titled Tuesday Blitz February 15 Late 2022"]
[White "Wartiovaara, Oliver"]
[Black "Pinto, Daniel"]
[WhiteFideId "513024"]
[BlackFideId "3303144"]
[WhiteElo "1971"]
[BlackElo "1938"]
[Result "1-0"]
[Round "10"]
[TimeControl "180+1"]
[Date "2022.02.16"]
[WhiteClock "0:01:19"]
[BlackClock "0:00:32"]

1. e4 c5 2. Nf3 Nc6 3. Bb5 g6 4. O-O Bg7 5. c3 Nf6 6. Re1 O-O 7. d4 cxd4 8. cxd4 d5 9. e5 Ne4 10. Bxc6 bxc6 11. Nbd2 Bf5 12. Nh4 Be6 13. Nxe4 dxe4 14. Rxe4 c5 15. b3 cxd4 16. Nf3 Bd5 17. Rxd4 Bxf3 18. Rxd8 Bxd1 19. Rxd1 Bxe5 20. Rb1 Rfd8 21. Be3 a5 22. Rxd8+ Rxd8 23. f4 Rd3 24. Kf2 Bd6 25. Ke2 Rd5 26. Rc1 f6 27. Rc7 Kf7 28. Rc6 Ke6 29. h3 h5 30. g3 Kf5 31. Kf3 Rd1 32. Ra6 Bb4 33. g4+ hxg4+ 34. hxg4# 1-0


[Site "https://www.chess.com"]

[Event "Titled Tuesday Blitz February 15 Late 2022"]
[White "Weetik, Vjacheslav"]
[Black "Karttunen, Mika"]
[WhiteFideId "4153472"]
[BlackFideId "502081"]
[WhiteElo "2469"]
[BlackElo "2343"]
[Result "1-0"]
[Round "10"]
[TimeControl "180+1"]
[Date "2022.02.15"]
[WhiteClock "0:00:07"]
[BlackClock "0:00:10"]

1. d4 Nf6 2. Bf4 c5 3. e3 d5 4. c3 Nc6 5. Nd2 g6 6. Ngf3 Bg7 7. h3 O-O 8. Be2 Nd7 9. O-O e5 10. dxe5 Ndxe5 11. Nxe5 Nxe5 12. Nf3 Nc6 13. Qb3 Na5 14. Qa3 Qb6 15. Rad1 Be6 16. Be5 f6 17. Bg3 Rad8 18. Rd2 Rfe8 19. Rfd1 Bf8 20. Qa4 a6 21. Qf4 Bf7 22. Qc7 Qxc7 23. Bxc7 Nc6 24. Bxd8 Rxd8 25. c4 d4 26. exd4 Bh6 27. dxc5 Bxd2 28. Rxd2 Rxd2 29. Nxd2 Nd4 30. Bd3 a5 31. Ne4 Ne6 32. Nxf6+ Kg7 33. Ne4 Be8 34. a3 a4 35. Bc2 Bc6 36. Kf1 Bxe4 37. Bxe4 Nxc5 38. Bc2 Kf6 39. Ke2 Ke5 40. Ke3 b6 41. f4+ Kf6 42. g3 h6 43. h4 g5 44. fxg5+ hxg5 45. h5 Ne6 46. h6 g4 47. h7 Kg7 48. Bf5 Nc5 49. Kd4 Nb3+ 50. Kc3 Nc1 51. Kb4 Ne2 52. Kxa4 Nxg3 53. Bxg4 Kxh7 54. Kb5 Kg6 55. Kxb6 Kf6 56. c5 Ne4 57. c6 Ke5 58. c7 Nd6 59. c8=Q Nxc8+ 60. Bxc8 1-0


[Site "https://www.chess.com"]

[Event "Titled Tuesday Blitz February 15 Late 2022"]
[White "Wieczorek, Oskar"]
[Black "Bok, Benjamin"]
[WhiteFideId "1133950"]
[BlackFideId "1017063"]
[WhiteElo "2319"]
[BlackElo "2658"]
[Result "0-1"]
[Round "10"]
[TimeControl "180+1"]
[Date "2022.02.15"]
[WhiteClock "0:00:02"]
[BlackClock "0:00:10"]

1. e4 c5 2. Nf3 d6 3. d4 cxd4 4. Nxd4 Nf6 5. Nc3 a6 6. h4 e5 7. Nb3 Be7 8. Bg5 Be6 9. Bxf6 Bxf6 10. g3 Be7 11. Qd2 Nd7 12. O-O-O Qc7 13. f4 Nf6 14. Qe1 b5 15. Kb1 Rc8 16. Rh2 O-O 17. f5 Bd7 18. a3 Qb7 19. g4 Nxg4 20. Rg2 Nf6 21. Qg3 g6 22. h5 Nxh5 23. Qf3 Nf4 24. Rg4 Bxf5 25. Rxf4 exf4 26. Nd5 Be6 27. Nxf4 Bg5 28. Nd5 Bxd5 29. Rxd5 Qe7 30. Bh3 Rc7 31. Qg3 Bf6 32. Qd3 Be5 33. c3 Re8 34. Nd2 Qh4 35. Ka2 Qg3 36. Qf1 Bf4 37. Nf3 Rxe4 38. Bg2 Re8 39. Qd3 Qxg2 0-1


[Site "https://www.chess.com"]

[Event "Titled Tuesday Blitz February 15 Late 2022"]
[White "Yedidia, Daniel"]
[Black "Mikhalsky, Vladimir"]
[WhiteFideId "30905907"]
[BlackFideId "14144352"]
[WhiteElo "2492"]
[BlackElo "2248"]
[Result "0-1"]
[Round "10"]
[TimeControl "180+1"]
[Date "2022.02.16"]
[WhiteClock "0:00:04"]
[BlackClock "0:00:16"]

1. d4 Nf6 2. c4 g6 3. Nc3 Bg7 4. e4 O-O 5. Nf3 d6 6. Be2 e5 7. Be3 Ng4 8. Bg5 f6 9. Bh4 Nc6 10. O-O Qe8 11. h3 Nh6 12. dxe5 fxe5 13. Nd5 Qf7 14. b4 Nd4 15. Ng5 Qd7 16. Bg4 Nxg4 17. Qxg4 c6 18. Qxd7 Bxd7 19. Nc3 h6 20. Nf3 Rxf3 21. gxf3 Nxf3+ 22. Kh1 Nxh4 23. Rfd1 Bf8 24. c5 Bxh3 25. cxd6 Rd8 26. b5 Rxd6 27. Rxd6 Bxd6 28. bxc6 bxc6 29. Kh2 Be6 30. Rd1 Nf3+ 31. Kg3 Nd4 32. Rb1 Bc8 33. Nd1 g5 34. Ne3 h5 35. Nc4 Bc7 36. Kg2 h4 37. Rg1 Kg7 38. Ne3 Kf6 39. Rc1 g4 40. Kh2 Kg5 41. Rc5 Kf4 42. Ng2+ Kxe4 43. Nxh4 Bb6 44. Rc3 Kd5 45. Ng2 Nf3+ 46. Kg3 Ng5 47. Ne3+ Bxe3 48. Rxe3 Ne4+ 49. Kg2 Kd4 50. Ra3 a6 51. Ra4+ Kd5 52. Ra5+ c5 53. Ra3 c4 54. Kf1 c3 55. Ke2 Bd7 56. Kd1 Bb5 57. Kc2 Kd4 58. Rb3 Ba4 59. f3 gxf3 60. Kb1 Bxb3 61. a4 f2 62. Ka1 f1=Q# 0-1


[Site "https://www.chess.com"]